 Dungeon Crawl Stone Soup version 0.30.1-10-g1249ef9ec4 (webtiles) character file.

Game seed: 12479187903399026709

147 lonewolfV2 the Covered (level 5, 0/41 HPs)
             Began as a Demonspawn Fighter on Oct 27, 2023.
             Killed by divine providence
             ... invoked by an orc priest
              (12 damage)
             ... on level 4 of the Dungeon.
             The game lasted 00:03:56 (2934 turns).

lonewolfV2 the Covered (Demonspawn Fighter)         Turns: 2934, Time: 00:03:57

Health: 0/41       AC: 12    Str: 19    XL:     5   Next: 7%
Magic:  7/7        EV:  5    Int:  9    God:
Gold:   212        SH: 13    Dex: 12    Spells: 4/4 levels left

rFire   . . .        a - +1 war axe
rCold   . . .        r - +0 kite shield
rNeg    . . .        f - +0 plate armour
rPois   .            (no helmet)
rElec   .            (no cloak)
rCorr   .            k - +0 pair of gloves
SInv    .            (no boots)
Will    .....        b - amulet of reflection Stlth
                     (no ring)
HPRegen 0.26/turn    (no ring)
MPRegen 0.10/turn

%: reflection
@: no status effects
A: foul stench 1
a: no special abilities


You were on level 4 of the Dungeon.
You visited 1 branch of the dungeon, and saw 4 of its levels.

You collected 212 gold pieces.

Inventory:

Hand Weapons
 a - a +1 war axe (weapon)
Armour
 f - a +0 plate armour (worn)
 k - a +0 pair of gloves (worn)
 r - a +0 kite shield (worn)
Jewellery
 b - an amulet of reflection (around neck)
Wands
 h - a wand of iceblast (4)
Scrolls
 c - a scroll of enchant armour {unknown}
 m - 2 scrolls of teleportation
Potions
 d - 2 potions of might
 e - 3 potions of curing
 g - 2 potions of mutation
 i - a potion of heal wounds
 l - a potion of haste
 o - a potion of flight {unknown}
 q - a potion of brilliance {unknown}


   Skills:
 - Level 3.0 Fighting
 - Level 1.7 Axes
 + Level 3.5 Armour
 * Level 2.9 Dodging
 - Level 2.6 Shields
 + Level 3.0 Invocations


You had 4 spell levels left.
You didn't know any spells.
Your spell library contained the following spells:

 Spells                   Type           Power      Damage    Failure   Level
 Magic Dart               Conj           0%         1d3       100%        1
 Call Imp                 Summ           0%         N/A       100%        2
 Searing Ray              Conj           0%         2d4       100%        2
 Dazzling Flash           Conj/Hex       0%         N/A       100%        3
 Mephitic Cloud           Conj/Pois/Air  0%         N/A       100%        3
 Summon Guardian Golem    Hex/Summ       0%         N/A       100%        3
 Anguish                  Hex/Necr       0%         N/A       100%        4
 Cause Fear               Hex            0%         N/A       100%        4
 Fulminant Prism          Conj/Hex       0%         3d5       100%        4
 Agony                    Necr           0%         N/A       100%        5
 Silence                  Hex/Air        0%         N/A       100%        5
 Enfeeble                 Hex            0%         N/A       100%        7
 Orb of Destruction       Conj           0%         9d5       100%        7
 Spellforged Servitor     Conj/Summ      0%         N/A       100%        7


Dungeon Overview and Level Annotations

Branches:
Dungeon (4/15)
 Temple: D:4-7

Altars:


Innate Abilities, Weirdness & Mutations

You may rarely emit foul miasma when damaged in melee.


Message History

The ball python constricts you. You block the orc's attack.
The ball python bites you. The ball python constricts you.
You barely miss the ball python. You hit the orc.
You kill the orc!
The ball python bites you but does no damage.
The ball python constricts you.
The ball python bites you but does no damage.
The ball python constricts you.
Your Invocations skill increases to level 3!
You closely miss the ball python. You closely miss the orc priest.
You block the orc priest's attack. x2; The ball python completely misses you.
The ball python constricts you.
The orc priest calls down the wrath of Beogh upon you.
You barely resist. You block the orc priest's attack.
You closely miss the ball python. You hit the orc priest.
You block the ball python's attack. The ball python constricts you.
The orc priest looks encouraged for a moment.
The orc priest hits you from afar with a +0 trident.
You block the ball python's attack. The ball python constricts you.
You slash the ball python!
You kill the ball python!
You hit something. You hit the orc priest. The orc priest barely misses you.
Something hits you but does no damage. You block the orc priest's attack.
Something hits you. Something burns you.
The orc priest hits you but does no damage. x2
Unknown command.
The orc priest hits you but does no damage.
You block something's attack.
The orc priest looks encouraged for a moment.
You slash the orc priest!
The orc priest is almost dead.
You hit something. You hit the orc priest. You block the orc priest's attack.
Something hits you but does no damage.
The orc priest hits you with a +0 trident.
Something hits you. Something burns you.
* * * LOW HITPOINT WARNING * * *
You emit a cloud of foul miasma!
The orc priest mumbles some strange prayers to Beogh against you.
Beogh smites you!
You die...

#....................
#....................
#....................
#..........[.........
#.....>..............
####'##############<.
..####..##..## #..
......☼......# ..
......o@)....# .
.......o.....#
.............#
.............#
##+####....### #....#
#....# #....#


You could see 2 orc priests.

Vanquished Creatures
  An iguana (D:4)
  An orc wizard (D:3)
  2 adders
  3 dart slugs
  3 orcs
  4 ball pythons
  4 endoplasms
  5 giant cockroaches
  11 goblins
  5 hobgoblins
  6 jackals
  3 quokkas (D:2)
  7 bats
  A frilled lizard (D:2)
  4 kobolds
  3 rats
63 creatures vanquished.

Notes
Turn   | Place    | Note
-------+----------+-------------------------------------------
     0 | D:1      | lonewolfV2 the Demonspawn Fighter began the quest for the
                  | Orb.
     0 | D:1      | Reached XP level 1. HP: 18/18 MP: 1/1
   162 | D:1      | Reached skill level 1 in Dodging
   162 | D:1      | Reached skill level 1 in Invocations
   162 | D:1      | Gained mutation: You may rarely emit foul miasma when
                  | damaged in melee. [demonic ancestry]
   162 | D:1      | Reached XP level 2. HP: 22/24 MP: 2/2
   706 | D:2      | Reached XP level 3. HP: 29/29 MP: 4/4
  1940 | D:3      | Reached XP level 4. HP: 24/35 MP: 5/5
  2805 | D:4      | Reached XP level 5. HP: 41/41 MP: 7/7
  2934 | D:4      | Killed from afar by an orc priest

Illustrated notes

Levels and vault maps discovered:
D:1:      ncdulo_smallfort, layout_rooms
D:2:      layout_loops_corners, st_stairs_3, minmay_tall_x
D:3:      layout_basic
D:4:      layout_gridville, nicolae_ossuary_entry_plus

Skill      XL: |  1  2  3  4  5 |
---------------+----------------+-----
Dodging        | 1 2 |  2.9
Invocations    | 1 2 3 |  3.0
Armour         | 3 |  3.5
Fighting       | |  3.0
Axes           | |  1.7
Shields        | |  2.6

Action                     |  1- 3 |  4- 6 || total
---------------------------+-------+-------++-------
  Melee: War axe           |   110 |    47 ||   157
    Use: Scroll            |     6 |     4 ||    10
 Armour: Scale mail        |    25 |       ||    25
         Chain mail        |    49 |       ||    49
         Plate armour      |     3 |    35 ||    38
  Dodge: Dodged            |    51 |    18 ||    69
  Block: Buckler           |    61 |    14 ||    75
         Kite shield       |       |    22 ||    22
